 Dungeon Crawl Stone Soup version 0.20.0-10-g0535bb4 (webtiles) character file.

369 grindst0ne the Chopper (level 6, -1/44 HPs)
             Began as a Gargoyle Fighter on June 3, 2017.
             Was a Follower of Okawaru.
             Slain by an ice beast (3 damage)
             ... on level 4 of the Dungeon.
             The game lasted 00:04:41 (2884 turns).

grindst0ne the Chopper (Gargoyle Fighter)           Turns: 2884, Time: 00:04:42

Health: -1/44      AC: 14    Str: 19    XL:     6   Next: 70%
Magic:  6/6        EV:  7    Int: 14    God:    Okawaru [*.....]
Gold:   160        SH:  0    Dex: 11    Spells: 5/5 levels left

rFire    . . .     SeeInvis +   n - +0 battleaxe
rCold    . . .     Gourm    .   (shield currently unavailable)
rNeg     + . .     Faith    +   e - +0 chain mail
rPois    ∞         Spirit   .   (no helmet)
rElec    +         Reflect  .   (no cloak)
rCorr    .         Harm     .   (no gloves)
MR       .....                  s - +0 pair of boots
Stlth    ..........             p - amulet of faith
Regen    0.2/turn               (no ring)
MPRegen  0.1/turn               (no ring)

@: brilliant
A: see invisible, negative energy resistance 1, robust 1, electricity
resistance, unbreathing, petrification resistance, rot immunity, subdued magic
1, AC +4
a: Heroism, Renounce Religion


You were on level 4 of the Dungeon.
You worshipped Okawaru.
Okawaru was aware of your devotion.
You were not hungry.

You visited 1 branch of the dungeon, and saw 5 of its levels.

You collected 160 gold pieces.

Inventory:

Hand Weapons
 a - a +0 war axe
 n - a +0 battleaxe (weapon)
Missiles
 D - a throwing net (quivered)
Armour
 b - a +0 scale mail
 c - a +0 shield
 e - a +0 chain mail (worn)
 s - a +0 pair of boots (worn)
Jewellery
 p - an amulet of faith (around neck)
Wands
 g - a wand of random effects (25/48)
Scrolls
 i - 5 scrolls of identify {unknown}
 k - 2 scrolls of recharging {unknown}
 m - 2 scrolls of teleportation {unknown}
 q - a scroll of random uselessness {unknown}
 r - a scroll of enchant weapon {unknown}
 u - a scroll of remove curse {unknown}
 v - a scroll of enchant armour {unknown}
 w - 2 scrolls of fog {unknown}
 y - a scroll of immolation {unknown}
 C - a scroll of amnesia {unknown}
Potions
 d - a potion of might
 l - a potion of berserk rage {unknown}
 o - a potion of haste {unknown}
 t - a potion of heal wounds {unknown}
 x - a potion of agility {unknown}
Comestibles
 f - 2 bread rations
 z - 3 fruits
 B - a meat ration


   Skills:
 - Level 5.0 Fighting
 + Level 5.4 Axes
 - Level 3.2 Armour
 - Level 3.2 Shields


You had 5 spell levels left.
You didn't know any spells.

Dungeon Overview and Level Annotations

Branches:
Dungeon (5/15)
 Temple: D:4-7

Altars:
Ashenzari
Dithmenos
Okawaru
Trog
Xom


Innate Abilities, Weirdness & Mutations

You are resistant to torment.
Your stone body is resilient. (AC +4)
You are immune to poison.
You resist negative energy. (rN+)
You are resistant to electric shocks. (rElec)
You can survive without breathing.
You are immune to petrification.
You are immune to rotting.
You have supernaturally acute eyesight. (SInv)
You are robust. (+10% HP)
Your spells are a little easier to cast, but a little less powerful.


Message History

The ice beast barely misses you.
You see here an arrow.
You see here an arrow.
There is a stone staircase leading up here.
(D) Dungeon
Where to? (Enter - D:5, ? - help)
An ice beast is nearby!
The ice beast hits you. The ice beast freezes you!
You climb upwards.
There is a stone staircase leading down here.
Your chain mail prevents you from hitting the ice beast.
The ice beast hits you. The ice beast freezes you!
* * * LOW HITPOINT WARNING * * *
It was a potion of brilliance.
You feel clever all of a sudden. The ice beast barely misses you.
It was a potion of mutation.
You feel extremely strange.
Your connection to magic feels subdued.
Your vision sharpens.
You feel robust. The ice beast hits you.
You die...

#..###### #.#........#######
#..##...# #.#..####........#
#..##...# #.#..# #..#####.#
#..##...# #.#..# #..# #.#
#..##...# #....# #..# #.#
#..##...# #.#..####..#####.#
#..##...# #.#>..............
#..##...# #.Y...............
#..##...# #@#...............
#..##...######.#..###########.#
#..............[..............#
##.##...###.......####.#.####.#
#.###### ###.##..# #.#.####..
#.##########.##..####.#.......
#.............................
#.#######.##.##.....#.#.####..
#.# #.##.##.....#......#..


You could see an ice beast.

Vanquished Creatures
  A centaur (D:5)
  A howler monkey (D:4)
  An orc wizard (D:4)
  An iguana (D:4)
  4 worker ants (D:4)
  4 adders
  An ooze (D:3)
  A worm (D:4)
  A dart slug (D:2)
  3 leopard geckos (D:4)
  5 orcs (D:4)
  3 giant cockroaches (D:1)
  4 goblins
  2 hobgoblins (D:1)
  10 kobolds
  3 quokkas
  A ball python (D:3)
  6 bats
  3 frilled lizards
  2 quokka skeletons (D:4)
  7 rats
64 creatures vanquished.

Notes
Turn   | Place    | Note
-------+----------+-------------------------------------------
     0 | D:1      | grindst0ne the Gargoyle Fighter began the quest for the Orb.
     0 | D:1      | Reached XP level 1. HP: 14/14 MP: 1/1
   102 | D:1      | Reached XP level 2. HP: 20/20 MP: 2/2
   290 | D:1      | Found a shimmering altar of Xom.
   545 | D:2      | Reached XP level 3. HP: 21/24 MP: 3/3
   547 | D:2      | Found an iron altar of Okawaru.
   571 | D:2      | Became a worshipper of Warmaster Okawaru
   892 | D:2      | Reached skill level 5 in Fighting
  1308 | D:3      | Reached XP level 4. HP: 27/31 MP: 4/4
  1482 | D:3      | Found a shadowy altar of Dithmenos.
  1663 | D:4      | Reached XP level 5. HP: 15/35 MP: 5/5
  2121 | D:4      | Reached * piety under Okawaru
  2195 | D:4      | Found a shattered altar of Ashenzari.
  2195 | D:4      | Found a bloodstained altar of Trog.
  2275 | D:4      | Reached XP level 6. HP: 35/40 MP: 6/6
  2750 | D:4      | Reached skill level 5 in Axes
  2866 | D:5      | Entered Level 5 of the Dungeon
  2869 | D:5      | Noticed an ice beast
  2880 | D:4      | HP: 2/40 [ice beast (11)]
  2884 | D:4      | Gained mutation: Your spells are a little easier to cast, but a little less powerful. [potion of mutation]
  2884 | D:4      | Gained mutation: You have supernaturally acute eyesight. (SInv) [potion of mutation]
  2884 | D:4      | Gained mutation: You are robust. (+10% HP) [potion of mutation]
  2884 | D:4      | Slain by an ice beast

Skill      XL: |  1  2  3  4  5  6 |
---------------+-------------------+-----
Fighting       | 4 5 |  5.0
Axes           | 2 3 4 5 |  5.4
Armour         | |  3.2
Shields        | |  3.2

Action                   |  1- 3 |  4- 6 || total
-------------------------+-------+-------++-------
Melee: War axe           |    56 |       ||    56
       Battleaxe         |    77 |   132 ||   209
  Use: Potion            |       |     2 ||     2
  Eat: Chunk             |     1 |     6 ||     7
Armor: Scale mail        |     7 |       ||     7
       Chain mail        |   126 |   122 ||   248
Dodge: Dodged            |    74 |    71 ||   145
Block: Shield            |    40 |       ||    40
